Map: [ESL] Tropical Sacrifice

Players

Elazer - Winner!

  • Race: Zerg Zerg
  • Spawn Location: 7:00

NightPhoenix

  • Race: Protoss Protoss
  • Spawn Location: 1:00

Event: DreamHack SC2 Masters 2022 Valencia

VOD

Have the link to the VOD?

Description

Time

  • Played on: July 1, 2022, 10:38 a.m.
  • Length: 7:52

All games in this series

Show
View Real Time Build Order
Export as new Build Order

Elazer Zerg - Winner!

Build Orders: Hatch First 

Get SALT Encoding   

  12  0:00  Drone  
  13  0:13  Overlord  
  13  0:17  Drone  
  14  0:31  Drone x2  
  16  0:49  Hatchery  
  15  0:52  Drone  
  15  0:55  Drone  
  17  0:59  Drone  
  18  1:10  Extractor  
  17  1:15  Spawning Pool  
  17  1:18  Drone  
  17  1:21  Drone  
  18  1:29  Drone  
  19  1:39  Drone  
  20  1:52  Drone  
  21  2:01  Queen x2  
  21  2:02  Overlord, Zergling x2  
  26  2:11  Drone  
  26  2:13  Metabolic Boost, Drone  
  29  2:22  Drone  
  29  2:23  Drone  
  30  2:35  Hatchery  
  29  2:41  Queen  
  31  2:45  Drone  
  31  2:47  Drone  
  31  2:51  Overlord  
  33  2:53  Drone  
  33  2:58  Drone x2  
  36  3:08  Queen, Overlord  
  38  3:13  Drone x2  
  40  3:20  Drone  
  40  3:22  Queen  
  40  3:23  Drone  
  40  3:25  Spore Crawler  
  43  3:27  Drone  
  43  3:34  Drone x3  
  47  3:40  Drone  
  48  3:44  Drone x3  
  48  3:48  Queen  
  51  3:49  Drone x3  
  51  3:52  Overlord  
  51  3:54  Drone  
  57  3:57  Drone  
  57  4:02  Overlord x2  
  58  4:07  Overlord  
  58  4:09  Overlord  
  58  4:20  Queen  
  58  4:21  Zergling x10  
  58  4:22  Drone x2  
  58  4:24  Drone x2  
  68  4:28  Queen  
  68  4:30  Drone  
  72  4:32  Drone x2  
  72  4:34  Drone x2  
  72  4:37  Drone x2  
  78  4:42  Roach Warren, Extractor  
  78  4:44  Drone x2  
  78  4:49  Overlord  
  78  4:50  Drone x3  
  81  4:53  Extractor  
  81  4:58  Drone x6  
  86  5:01  Queen  
  88  5:08  Overlord  
  88  5:09  Queen  
  90  5:17  Zergling x16  
  98  5:24  Extractor  
  98  5:25  Extractor  
  96  5:29  Roach x3  
  96  5:33  Lair  
  96  5:34  Overlord  
  101  5:35  Drone x2  
  101  5:36  Drone  
  101  5:37  Drone x2  
  106  5:43  Overlord  
  106  5:44  Overlord  
  106  5:47  Overlord  
  106  5:51  Queen  
  106  5:56  Queen  
  109  5:58  Drone  
  109  6:00  Extractor, Drone x3  
  109  6:01  Hatchery  
  110  6:08  Spore Crawler, Drone x4  
  110  6:09  Spore Crawler  
  110  6:10  Spore Crawler x2  
  110  6:13  Overlord x2  
  110  6:19  Roach x6  
  110  6:20  Ravager x2  
  110  6:21  Ravager  
  128  6:26  Roach x4  
  128  6:32  Roach x5  
  144  6:35  Queen  
  144  6:39  Ravager x3  
  146  6:41  Zergling x6  
  145  6:48  Zergling x8  
  145  6:52  Ravager  
  143  6:58  Ravager x3  
  144  7:01  Zergling x2  
  144  7:02  Zergling x8  
  144  7:05  Ravager, Zergling x4  
  152  7:11  Evolution Chamber  
  152  7:14  Queen x3  
  152  7:15  Queen  
  156  7:18  Zergling x4  
  160  7:27  Zergling x10  
Show
View Real Time Build Order
Export as new Build Order

NightPhoenix Protoss 

Build Orders: 1 Gate Expand 

Get SALT Encoding   

  12  0:00  Probe  
  13  0:12  Probe  
  14  0:20  Pylon  
  14  0:24  Probe  
  15  0:38  Probe (Chrono Boost)  
  15  0:41  Gateway  
  16  0:47  Assimilator  
  16  0:48  Probe (Chrono Boost)  
  17  0:53  Probe (Chrono Boost)  
  18  1:05  Probe  
  19  1:17  Probe  
  20  1:25  Nexus  
  20  1:37  Cybernetics Core  
  20  1:40  Probe  
  20  1:44  Assimilator  
  21  1:52  Probe  
  22  1:55  Pylon  
  22  2:04  Probe  
  23  2:11  Adept (Chrono Boost)  
  25  2:16  Probe  
  25  2:20  Stargate  
  26  2:24  Warp Gate  
  26  2:28  Probe  
  27  2:33  Stalker (Chrono Boost)  
  29  2:37  Probe  
  29  2:41  Probe  
  31  2:49  Probe  
  32  2:54  Probe  
  33  3:01  Probe  
  38  3:06  Probe  
  38  3:09  Void Ray  
  38  3:10  Pylon  
  39  3:22  Probe x2  
  39  3:24  Assimilator  
  39  3:25  Assimilator  
  41  3:29  Gateway  
  41  3:39  Twilight Council  
  42  3:41  Probe x2  
  43  3:53  Probe x2  
  45  3:58  Gateway x2  
  45  4:03  Gateway  
  45  4:08  Probe x2  
  47  4:16  Blink (Chrono Boost)  
  47  4:20  Pylon  
  47  4:29  Robotics Facility  
  48  4:31  Probe  
  48  4:32  Probe  
  48  4:35  Pylon  
  49  4:41  Gateway  
  49  4:46  Gateway  
  49  4:52  Gateway  
  49  4:58  Probe x2  
  51  5:02  Pylon  
  51  5:05  Stalker  
  53  5:10  Stalker  
  53  5:13  Stalker  
  57  5:19  Warp Prism (Chrono Boost)  
  57  5:28  Stalker  
  61  5:33  Pylon  
  61  5:35  Stalker  
  63  5:40  Stalker  
  65  5:49  Stalker x2  
  69  5:56  Stalker x2  
  73  6:03  Stalker x2  
  77  6:08  Pylon  
  77  6:21  Stalker x3  
  77  6:22  Stalker  
  85  6:26  Pylon  
  85  6:39  Stalker x3  
  89  6:53  Stalker x3  
  83  6:55  Stalker  
  83  7:03  Stalker  
  83  7:04  Stalker  
  83  7:06  Sentry  
  83  7:08  Sentry  
  87  7:16  Sentry x2  
  87  7:17  Sentry  
  93  7:29  Stalker  
  91  7:30  Sentry x2  
  91  7:31  Stalker x2  
  75  7:46  Stalker x2  

Tags
 
Add a new tag
Caveats
  • Supply blocks, unpowered buildings, or Contaminate may cause inaccurate times.
  • Supply counts are checked every 10 seconds.